 Dungeon Crawl Stone Soup version 0.14-a0-1765-g49ce880 (webtiles) character file.

226 Jenx the Ruinous (level 4, -1/24 HPs)
             Began as a Deep Elf Conjurer on Jan 5, 2014.
             Slain by an adder (4 damage)
             ... on Level 3 of the Dungeon.
             The game lasted 00:08:21 (3021 turns).

Jenx the Ruinous (Deep Elf Conjurer)                Turns: 3021, Time: 00:08:22

HP  -1/24        AC  2     Str  5      XL: 4   Next: 65%
MP   2/13        EV 13     Int 21      God:
Gold 113         SH  0     Dex 15      Spells:  2 memorised,  5 levels left

rFire  . . .     SeeInvis .     h - +0 dagger
rCold  . . .     Clarity  .     a - +0 elf robe
rNeg   . . .     Conserve .     (no shield)
rPois  .         rCorr    .     (no helmet)
rElec  .         rRot     .     (no cloak)
SustAb . .       Spirit   .     (no gloves)
rMut   .         Warding  .     (no boots)
Saprov . . .     Stasis   .     (no amulet)
                                (no ring)
                                (no ring)

@: slightly resistant to hostile enchantments, fairly stealthy
A: no striking features
a: no special abilities


You were on level 3 of the Dungeon.
You were hungry.

You visited 1 branch of the dungeon, and saw 3 of its levels.

You collected 113 gold pieces.

Inventory:

Hand weapons
 h - a +0,+0 dagger (weapon)
Missiles
 l - 3 darts of flame (quivered)
Armour
 a - a +0 elven robe (worn)
Comestibles
 b - 2 bread rations
 j - a pear
 m - 2 apples
 n - 5 meat rations
 q - a royal jelly
 u - a chunk of ball python flesh
 v - a chunk of giant newt flesh
 w - a chunk of giant newt flesh
Scrolls
 d - 2 scrolls of magic mapping {unknown}
 f - a scroll of immolation {unknown}
 g - a scroll of curse armour {unknown}
 i - a scroll of identify {unknown}
 t - a scroll of enchant weapon II {unknown}
Jewellery
 e - an uncursed ring of see invisible {unknown}
 r - an uncursed ring of sustain abilities {unknown}
Potions
 k - a potion of might {unknown}
 o - a potion of agility {unknown}
 s - 3 potions of curing {unknown}
Books
 c - a book of Conjurations

   Spells                             Type                      Level
   *Magic Dart                        Conjuration                  1
   Searing Ray                        Conjuration                  2
   *Dazzling Spray                    Conjuration/Hexes            3
   Iskenderun's Mystic Blast          Conjuration                  4
   Iskenderun's Battlesphere          Conjuration/Charms           4
   Fulminant Prism                    Conjuration/Hexes            5


   Skills:
 - Level 2.4 Dodging
 - Level 2.4 Stealth
 - Level 3.0 Spellcasting
 * Level 6.7 Conjurations


You had 5 spell levels left.
You knew the following spells:

 Your Spells              Type           Power        Failure   Level  Hunger
a - Magic Dart            Conj           ####         1%          1    None
b - Dazzling Spray        Conj/Hex       ###.....     12%         3    ###....


Dungeon Overview and Level Annotations

Branches:
Dungeon (3/16)

Altars:
Sif Muna
Zin

Annotations:
D:3 Sigmund


Message History

Press: ? - help, Shift-Dir - straight line You throw an exploding dart.
The exploding dart explodes!
You hear some strange, mumbled words.
Something tries to affect you, but you resist.
An adder comes into view.
The magic dart hits you!
Throwing (i - inventory. (,) - cycle):
p - 2 exploding darts (quivered)
Press: ? - help, Shift-Dir - straight line, f - adder
Aim: an adder You throw an exploding dart.
The exploding dart misses the adder.
The exploding dart explodes!
The explosion of dart fragments engulfs the adder.
The adder is heavily wounded.
The explosion of dart fragments engulfs you!
* * * LOW HITPOINT WARNING * * *
The adder barely misses you.
Throwing (i - inventory. (,) - cycle):
p - an exploding dart (quivered)
Press: ? - help, Shift-Dir - straight line, p - adder You throw an exploding dart.
The exploding dart explodes!
The adder bites you.
You die...

###### ######### .....#
#.@...((# #### ####.#
#S#####(# #... #.#
#######.# .# ######<..
##.## #.......#
=...........
###...###.###.#.#
..#######...
..............#.#
..#######...
###...###.#####..
............ # ##.##
#.######################.
# #.#
#..................# #.


You could see an adder.

Vanquished Creatures
  An orc priest (D:3)
  An adder (D:2)
  A worm (D:2)
  4 giant geckos
  2 oozes
  5 orcs (D:3)
  4 bats
  9 goblins
  7 hobgoblins
  A quokka (D:2)
  A ball python (D:3)
  A giant gecko skeleton (D:3)
  6 giant newts
  10 kobolds
  8 rats
61 creatures vanquished.

Notes
Turn   | Place    | Note
--------------------------------------------------------------
     0 | D:1      | Jenx, the Deep Elf Conjurer, began the quest for the Orb.
     0 | D:1      | Reached XP level 1. HP: 10/10 MP: 5/5
   400 | D:1      | Reached XP level 2. HP: 13/15 MP: 6/8
   482 | D:1      | Reached skill level 5 in Conjurations
  1013 | D:2      | Reached XP level 3. HP: 19/19 MP: 1/10
  1026 | D:2      | Learned a level 3 spell: Dazzling Spray
  1939 | D:2      | Reached skill level 6 in Conjurations
  2172 | D:3      | Found a glowing silver altar of Zin.
  2172 | D:3      | Found a deep blue altar of Sif Muna.
  2450 | D:3      | Reached XP level 4. HP: 1/24 MP: 7/13
  2985 | D:3      | Noticed Sigmund
  3021 | D:3      | Slain by an adder

Action                   |  1- 3 |  4- 6 || total
-------------------------+-------+-------++-------
Melee: Unarmed           |     5 |       ||     5
       Dagger            |     5 |     4 ||     9
Throw: Dart              |     3 |    12 ||    15
 Cast: Magic Dart        |    98 |    16 ||   114
       Dazzling Spray    |     1 |     8 ||     9
  Use: Scroll            |     2 |       ||     2
       Potion            |     1 |       ||     1
 Stab: Distracted        |     1 |       ||     1
